 Dungeon Crawl Stone Soup version 0.21-a0-59-g7b0e191 (webtiles) character file.

18 Ijustatesigmund the Sneak (level 2, 0/20 HPs)
             Began as an Octopode Assassin on June 16, 2017.
             Slain by a gnoll
             ... wielding a +0 whip
              (5 damage)
             ... on level 1 of the Dungeon.
             The game lasted 00:01:53 (742 turns).

Ijustatesigmund the Sneak (Octopode Assassin)        Turns: 742, Time: 00:01:54

Health: 0/20       AC:  2    Str: 10    XL:     2   Next: 70%
Magic:  2/2        EV: 13    Int: 13    God:
Gold:   36         SH:  0    Dex: 13    Spells: 1/1 levels left

rFire    . . .     SeeInvis .   e - +2 dagger (speed)
rCold    . . .     Gourm    .   (no shield)
rNeg     . . .     Faith    .   (helmet restricted)
rPois    .         Spirit   .   (no amulet)
rElec    .         Reflect  .   (no ring)
rCorr    .         Harm     .   (no ring)
MR       .....     Rnd*Rage +   (no ring)
Stlth    ++++......             (no ring)
HPRegen  0.06/turn              (no ring)
MPRegen  0.08/turn              (no ring)
                                (no ring)
                                (no ring)

@: no status effects
A: almost no armour, stealthy swim, amphibious, 8 rings, constrict 8, tentacle
spike 1, camouflage 1, berserk 1, shaggy fur 1, wild magic 1, gelatinous body 1
a: no special abilities


You were on level 1 of the Dungeon.
You were not hungry.

You visited 1 branch of the dungeon, and saw 2 of its levels.

You collected 36 gold pieces.

Inventory:

Hand Weapons
 a - a +2 dagger
 b - a +0 blowgun
 e - a +2 dagger of speed (weapon)
Missiles
 c - 8 poisoned needles
 d - 2 curare-tipped needles
Scrolls
 g - a scroll of identify
 h - 3 scrolls of enchant armour {unknown}
 i - a scroll of teleportation {unknown}
 k - a scroll of remove curse {unknown}
Potions
 j - a potion of haste {unknown}
Comestibles
 f - a bread ration


   Skills:
 + Level 2.3 Fighting
 + Level 2.4 Short Blades
 - Level 2.0 Throwing
 - Level 1.0 Dodging
 + Level 5.8 Stealth


You had one spell level left.
You didn't know any spells.

Dungeon Overview and Level Annotations

Branches:
Dungeon (2/15)

Altars:


Innate Abilities, Weirdness & Mutations

You cannot wear most types of armour.
You are very stealthy in the water. (Stealth+)
You are amphibious.
You can wear up to eight rings at the same time.
You can use your tentacles to constrict eight enemies at once.
Your skin changes colour to match your surroundings (Stealth+).
Your rubbery body absorbs attacks. (AC +1, EV +1)
One of your tentacles bears a spike.
You tend to lose your temper in combat.
You are covered in fur. (AC +1)
Your spells are a little harder to cast, but a little more powerful.


Message History

There is a stone staircase leading up here.
The gnoll moves out of view.
You climb upwards.
There is a stone staircase leading down here.
No target in view!
You climb downwards.
A leopard gecko comes into view.
There is a stone staircase leading up here.
The leopard gecko moves out of view.
The gnoll shouts! x2
The gnoll hits you with a whip. The gnoll completely misses you.
The gnoll hits you with a flail!
* * * LOW HITPOINT WARNING * * *
You climb upwards.
There is a stone staircase leading down here.
You are too injured to fight recklessly!
You hit the gnoll. You grab the gnoll. You squeeze the gnoll.
The gnoll is severely wounded.
You constrict the gnoll. The gnoll hits you with a whip.
You die...

#.##................#
#.##.#####.........>.
#..(.........#######.
#.##..####...# #.
#.##..####...# #.
#.##..##.#...#######.
#.##..#...........##.
#...g........####....
#..g@.#...#..#######.
#..#.###.##.....# #.
#..#...#.###.##.####.
#..###.#.#
#.รท.......
#..###.#.###(##.####.
#............##.# #.
##.###.#.######.####.
#.###.#.#...........
#.##..#.#.####.#####


You could see 2 gnolls.

Vanquished Creatures
  2 bats (D:1)
  2 giant cockroaches (D:1)
  3 goblins (D:1)
  2 hobgoblins (D:1)
  A frilled lizard (D:1)
  4 kobolds (D:1)
  3 rats (D:1)
17 creatures vanquished.

Notes
Turn   | Place    | Note
-------+----------+-------------------------------------------
     0 | D:1      | Ijustatesigmund the Octopode Assassin began the quest for the Orb.
     0 | D:1      | Reached XP level 1. HP: 14/14 MP: 1/1
   279 | D:1      | Reached XP level 2. HP: 19/19 MP: 2/2
   342 | D:1      | Gained mutation: Your muscles are strong. (Str +2) [potion of mutation]
   342 | D:1      | Gained mutation: Potions are less effective at restoring your health. [potion of mutation]
   342 | D:1      | Gained mutation: Your spells are a little harder to cast, but a little more powerful. [potion of mutation]
   342 | D:1      | Gained mutation: You are resistant to electric shocks. (rElec) [potion of mutation]
   343 | D:1      | Lost mutation: Your muscles are strong. (Str +2) [potion of mutation]
   343 | D:1      | Lost mutation: Potions are less effective at restoring your health. [potion of mutation]
   343 | D:1      | Lost mutation: You are resistant to electric shocks. (rElec) [potion of mutation]
   343 | D:1      | Gained mutation: One of your tentacles bears a spike. [potion of mutation]
   343 | D:1      | Gained mutation: You tend to lose your temper in combat. [potion of mutation]
   343 | D:1      | Gained mutation: You are covered in fur. (AC +1) [potion of mutation]
   742 | D:1      | Slain by a gnoll

Vault maps used:
D:1:      saegor_arrival_simple_f
D:2:      supply_closet_lemuel, amethyst_killhole

Action                   || total
-------------------------++-------
Melee: Dagger            ||    28
       Tentacles         ||     7
       Constrict         ||     6
       Kick              ||     1
  Use: Scroll            ||     2
       Potion            ||     2
 Stab: Sleeping          ||     8
Armor: Skin              ||     3
Dodge: Dodged            ||    14
